 Dungeon Crawl Stone Soup version 0.31-a0-204-g7da18cac08 (webtiles) character file.

Game seed: 9338460557057386592

189 qw the Skirmisher (level 5, -4/29 HPs)
             Began as a Deep Elf Hunter on June 27, 2023.
             Slain by an ogre
             ... wielding a +0 giant club
              (33 damage)
             ... on level 4 of the Dungeon.
             The game lasted 00:00:47 (2248 turns).

qw the Skirmisher (Deep Elf Hunter)                 Turns: 2248, Time: 00:00:47

Health: -4/29      AC:  7    Str: 10    XL:     5   Next: 40%
Magic:  7/7        EV:  9    Int: 14    God:
Gold:   1408       SH:  0    Dex: 18    Spells: 4/4 levels left

rFire   . . .        Y - +1 shortbow
rCold   . . .        (shield currently unavailable)
rNeg    . . .        d - +0 scale mail
rPois   .            g - +0 helmet
rElec   .            (no cloak)
rCorr   .            (no gloves)
SInv    .            (no boots)
Will    .....        (no amulet)
Stlth   +            (no ring)
HPRegen 0.24/turn    (no ring)
MPRegen 0.10/turn

%: no passive effects
@: no status effects
A: no striking features
a: no special abilities


You were on level 4 of the Dungeon.
You visited 1 branch of the dungeon, and saw 4 of its levels.

You collected 1408 gold pieces.


   Skills:
 - Level 1.5 Fighting
 + Level 8.9 Ranged Weapons
 - Level 2.4 Dodging
 - Level 1.2 Stealth


You had 4 spell levels left.
You didn't know any spells.
Your spell library was empty.

Inventory:

Hand Weapons
 Y - a +1 shortbow (weapon)
Armour
 d - a +0 scale mail (worn)
 g - a +0 helmet (worn)
Scrolls
 a - 3 scrolls of teleportation
Potions
 b - a potion of heal wounds
 c - a potion of cancellation {unknown}
 e - 3 potions of curing
 f - a potion of attraction {unknown}
 i - a potion of ambrosia {unknown}
 k - a potion of haste {unknown}

Dungeon Overview and Level Annotations

Branches:
Dungeon (4/15)
 Temple: D:4-7

Altars:
Xom


Message History

The ball python barely misses you.
You shoot an arrow. The arrow hits the ball python.
The ball python is severely wounded.
The ball python closely misses you. x2
You shoot an arrow.
The arrow closely misses the ball python.
The ball python bites you but does no damage.
The ball python grabs you. The ball python constricts you.
The ball python bites you but does no damage.
The ball python constricts you.
You shoot an arrow.
The arrow barely misses the ball python.
The ball python bites you but does no damage.
The ball python constricts you.
You shoot an arrow. The arrow hits the ball python!
You kill the ball python!
Found a stone staircase leading up.
Found a shimmering altar of Xom.
An ogre comes into view. It is wielding a +0 giant club.
The ogre shouts!
Enter note:
Enter note: You shoot an arrow.
The arrow hits the ogre!
The ogre is moderately wounded.
Enter note:
Enter note: You shoot an arrow.
The arrow hits the ogre.
The ogre is moderately wounded.
A kobold comes into view. It is wielding a +0 dagger.
You shoot an arrow. The arrow barely misses the ogre.
The kobold shouts!
You shoot an arrow. The arrow hits the ogre.
The ogre is moderately wounded.
The ogre barely misses you.
You shoot an arrow. The arrow hits the ogre.
The ogre is severely wounded.
A sky beast comes into view.
The ogre hits you with a +0 giant club!!
Ouch! That really hurt!
You die...

## ..# .. #.# .## #.#
..Y ## #.# ..#
####.##.########K.##.
#........#...........
#..........O...#
#.#...#...@....#
##.######......# #.#
.#...## ######.# .#
.... #......# .# ...
#......######.# #.
#..^^^......#..
##..._^.###..### #.
....^^^.###..###
##.####


You could see a sky beast (wandering), an ogre and a kobold.

Vanquished Creatures
  A phantom (D:4)
  A hound (D:3)
  3 adders
  A worm (D:3)
  A dart slug (D:1)
  An orc (D:3)
  3 bats
  4 endoplasms
  4 giant cockroaches
  7 goblins
  7 hobgoblins
  5 kobolds
  A quokka (D:1)
  5 ball pythons
  2 frilled lizards (D:2)
  5 rats
51 creatures vanquished.

Notes
Turn   | Place    | Note
-------+----------+-------------------------------------------
     0 | D:1      | qw the Deep Elf Hunter began the quest for the Orb.
     0 | D:1      | Reached XP level 1. HP: 12/12 MP: 3/3
     0 | D:1      | 0 ||| qw: Version: 0.3-a-22-g0ed2b0b
     0 | D:1      | 0 ||| qw: Game counter: 6456
     0 | D:1      | 0 ||| qw: Melee chars always use a shield: true
     0 | D:1      | 0 ||| qw: God list: Okawaru
     0 | D:1      | 0 ||| qw: Allow faded altars: false
     0 | D:1      | 0 ||| qw: Do Orc after clearing Dungeon:15 true
     0 | D:1      | 0 ||| qw: Do second Lair branch before Depths: true
     0 | D:1      | 0 ||| qw: Lair rune preference: random
     0 | D:1      | 0 ||| qw: Goals: Normal
     0 | D:1      | 0 ||| PLANNING D:1-11
   116 | D:1      | Reached skill level 6 in Ranged Weapons
   116 | D:1      | Reached XP level 2. HP: 16/16 MP: 4/4
   864 | D:1      | 864 ||| UPGRADING to +0 scale mail.
   874 | D:1      | 874 ||| DROPPING +0 leather armour.
   875 | D:1      | 875 ||| READING scroll labelled OQUWNI YHOMO.
   876 | D:1      | 876 ||| READING scroll labelled GUSUWN GENY.
   877 | D:1      | 877 ||| READING scroll labelled UCEOT ECVEGIPA.
   881 | D:1      | 881 ||| READING scroll labelled ENTAMU YHUUCIYLA.
   882 | D:1      | 882 ||| DROPPING scroll of butterflies.
   912 | D:2      | 912 ||| STAIRDANCE
   918 | D:1      | Reached XP level 3. HP: 12/20 MP: 5/5
   962 | D:2      | Found a faded altar of an unknown god.
  1122 | D:2      | Reached skill level 7 in Ranged Weapons
  1429 | D:2      | 1429 ||| DROPPING ring of flight.
  1430 | D:2      | 1430 ||| DRINKING 2 lumpy blue potions.
  1431 | D:2      | 1431 ||| DRINKING 4 bubbling brown potions.
  1432 | D:2      | 1432 ||| DROPPING 3 potions of magic.
  1511 | D:3      | Reached XP level 4. HP: 25/25 MP: 6/6
  1765 | D:3      | Reached skill level 8 in Ranged Weapons
  2045 | D:3      | 2045 ||| UPGRADING to +0 helmet.
  2050 | D:3      | 2050 ||| READING scroll labelled TILEHO XOPPUOFF.
  2095 | D:3      | 2095 ||| READING scroll labelled IKAIGU DIUWAE.
  2095 | D:3      | Identified a scroll of acquirement
  2095 | D:3      | 2095 ||| ACQUIRING 1249 gold pieces
  2095 | D:3      | Acquired 1249 gold pieces
  2097 | D:3      | 2097 ||| READING scroll labelled BAICEI NOOT.
  2098 | D:3      | 2098 ||| READING scroll labelled KEEZIN WAMOANE.
  2099 | D:3      | 2099 ||| DRINKING 4 clear potions.
  2147 | D:4      | Noticed a phantom
  2156 | D:4      | Killed a phantom
  2157 | D:4      | Reached XP level 5. HP: 17/29 MP: 7/7
  2225 | D:4      | Found a shimmering altar of Xom.
  2242 | D:4      | Noticed an ogre
  2248 | D:4      | Noticed a sky beast
  2248 | D:4      | Slain by an ogre

Levels and vault maps discovered:
D:1:      minmay_arrival_radiant_lines, layout_loops_corners, minmay_door_square
D:2:      layout_basic, dreamdust_ecumenical_altar_angels_and_demons
D:3:      layout_loops_cross
D:4:      layout_loops_cross, mainiacjoe_overflow_alcove_2, xom_teletrap_fun,
          mainiacjoe_overflow_six_doors_small,
          mainiacjoe_overflow_small_starburst, dreamdust_princess_bridge,
          nicolae_underground_beach

Skill      XL: |  1  2  3  4 |
---------------+-------------+-----
Ranged Weapons | 6 7 8 |  8.9
Fighting       | |  1.5
Dodging        | |  2.4
Stealth        | |  1.2

Action                     |  1- 3 |  4- 6 || total
---------------------------+-------+-------++-------
   Fire: Shortbow          |    99 |    47 ||   146
    Use: Scroll            |     4 |     4 ||     8
         Potion            |     2 |     1 ||     3
 Armour: Leather armour    |     4 |       ||     4
         Scale mail        |    15 |     8 ||    23
  Dodge: Dodged            |    18 |    13 ||    31

Table legend:
 A = Non-vault XP
 B = Vault XP
 C = Vault XP percentage of total XP
 D = Non-vault monster count
 E = Vault monster count
 F = Vault count percentage of total count
                 A         B        C        D         E       F
            +---------+---------+-------+---------+---------+-------
      Total |     270 |       0 |   0.0 |      51 |       0 |   0.0
            +---------+---------+-------+---------+---------+-------
        D:1 |      53 |       0 |   0.0 |      22 |       0 |   0.0
        D:2 |      29 |       0 |   0.0 |      11 |       0 |   0.0
        D:3 |      81 |       0 |   0.0 |      14 |       0 |   0.0
        D:4 |     107 |       0 |   0.0 |       4 |       0 |   0.0
            +---------+---------+-------+---------+---------+-------
